Map: [ESL] Waterfall

Players

GuMiho - Winner!

  • Race: Terran Terran
  • Spawn Location: 1:00

DRG

  • Race: Zerg Zerg
  • Spawn Location: 7:00

Event: TSL 9

VOD

Have the link to the VOD?

Description

Time

  • Played on: July 29, 2022, 7:55 a.m.
  • Length: 9:32

All games in this series

Show
View Real Time Build Order
Export as new Build Order

GuMiho Terran - Winner!

Build Orders: Gas First Reaper Expand, Hellion Opening 

Get SALT Encoding   

  12  0:00  SCV  
  13  0:12  SCV  
  14  0:17  Supply Depot  
  14  0:24  SCV  
  14  0:27  Refinery  
  15  0:38  SCV  
  16  0:44  Barracks  
  16  0:50  SCV  
  17  1:02  SCV  
  18  1:14  SCV  
  19  1:30  Orbital Command  
  19  1:31  Reaper  
  20  1:41  Command Center  
  20  1:52  Factory  
  20  1:57  SCV  
  21  2:04  Barracks Reactor  
  21  2:09  SCV  
  21  2:10  Refinery  
  21  2:12  Supply Depot  
  22  2:21  SCV  
  23  2:34  SCV  
  24  2:39  Starport  
  28  2:44  Hellion x2  
  28  2:46  SCV  
  29  2:53  Orbital Command  
  30  2:58  SCV  
  30  3:01  Barracks Tech Lab  
  31  3:05  Hellion  
  31  3:07  Hellion  
  33  3:13  SCV  
  33  3:18  Supply Depot  
  34  3:23  SCV  
  35  3:28  Viking  
  35  3:32  Hellion  
  39  3:36  Hellion  
  39  3:38  Barracks Tech Lab  
  39  3:40  SCV  
  42  3:42  SCV  
  41  3:58  SCV x2  
  41  4:00  Raven  
  41  4:03  Hellion x2, Marine  
  41  4:04  Stimpack  
  46  4:10  Supply Depot, SCV x2  
  48  4:22  SCV x2  
  50  4:33  Barracks  
  50  4:34  SCV x2  
  50  4:35  Supply Depot, Factory Reactor  
  50  4:37  Barracks  
  50  4:38  Engineering Bay  
  52  4:39  Marine  
  53  4:46  SCV x2  
  55  4:54  Starport Tech Lab  
  55  4:57  Command Center  
  55  4:58  SCV  
  55  4:59  SCV  
  57  5:02  Marine  
  57  5:06  Terran Infantry Weapons Level 1  
  58  5:10  Refinery  
  58  5:12  Refinery, SCV x2  
  60  5:24  SCV x2  
  60  5:25  Marine x2  
  64  5:36  SCV x2  
  64  5:39  Barracks  
  64  5:41  Supply Depot  
  66  5:43  Supply Depot, Marine x2  
  66  5:44  Barracks, Marine x3  
  71  5:50  Combat Shield  
  71  5:51  Siege Tank, Starport Reactor  
  74  5:59  SCV  
  74  6:00  SCV  
  74  6:02  Marine x3  
  74  6:03  Marine  
  74  6:04  Marine  
  81  6:08  Supply Depot  
  81  6:12  SCV  
  82  6:20  SCV, Marine x3  
  82  6:21  Marine x2  
  82  6:24  SCV  
  86  6:34  Marine x2  
  86  6:38  Marine x3  
  86  6:39  Marine x2  
  76  6:51  Medivac x2  
  76  6:52  Marine x2  
  78  6:56  Marine x3  
  78  6:59  Marine x2  
  79  7:09  SCV, Terran Infantry Armor Level 1, Marine  
  79  7:10  Marine  
  82  7:16  Marine x3  
  82  7:17  Marine  
  82  7:21  Medivac  
  82  7:22  Marine  
  88  7:25  SCV  
  88  7:26  SCV  
  88  7:27  Marine x2  
  93  7:30  Orbital Command  
  93  7:34  Marine  
  94  7:37  Siege Tank  
  94  7:43  SCV x2  
  99  7:44  Supply Depot  
  99  7:48  Barracks Reactor x2  
  99  7:49  Medivac  
  67  7:51  Medivac  
  101  7:53  Marine  
  101  7:55  SCV  
  101  7:56  Marine x4  
  109  8:06  SCV  
  109  8:07  SCV  
  109  8:09  Siege Tank  
  109  8:11  Marine  
  115  8:14  Marine x2  
  115  8:16  Marine  
  115  8:18  SCV  
  117  8:21  Marine  
  117  8:24  Supply Depot x2  
  117  8:26  Supply Depot  
  114  8:29  Marine x3  
  117  8:42  Supply Depot  
  117  8:44  Supply Depot x2  
  117  8:45  Medivac x2, Siege Tank, Marine x6  
  117  8:46  Concussive Shells, Marine  
  117  8:47  SCV x2, Marine x2  
  117  8:48  SCV  
  134  9:01  SCV x3  
  134  9:03  Marine x3  
Show
View Real Time Build Order
Export as new Build Order

DRG Zerg 

Build Orders: Pool First 

Get SALT Encoding   

  12  0:00  Drone  
  13  0:11  Overlord  
  13  0:16  Drone  
  14  0:30  Drone x2  
  14  0:33  Drone  
  17  0:44  Extractor  
  17  0:47  Spawning Pool  
  17  0:49  Drone  
  16  0:55  Drone  
  17  1:06  Drone  
  18  1:18  Hatchery  
  17  1:22  Drone  
  18  1:33  Queen  
  18  1:36  Zergling x2  
  21  1:45  Metabolic Boost  
  21  1:51  Overlord  
  21  2:03  Zergling x2  
  22  2:09  Queen  
  22  2:10  Zergling x2  
  25  2:17  Drone  
  25  2:21  Drone  
  27  2:30  Queen  
  27  2:31  Drone x2  
  31  2:42  Drone  
  31  2:43  Drone x3  
  35  2:48  Overlord  
  35  2:52  Drone  
  36  3:06  Overlord  
  35  3:12  Drone  
  35  3:13  Drone  
  35  3:14  Drone  
  35  3:18  Drone, Hatchery  
  37  3:24  Drone x3  
  37  3:26  Drone  
  41  3:29  Drone  
  41  3:31  Drone x2  
  44  3:35  Drone  
  44  3:39  Queen  
  47  3:47  Zergling x4  
  42  3:58  Drone  
  42  3:59  Drone x2  
  42  4:02  Drone x3  
  44  4:07  Drone  
  45  4:13  Drone  
  45  4:15  Queen  
  48  4:19  Overlord  
  48  4:25  Zergling x2  
  48  4:30  Roach Warren, Overlord  
  48  4:31  Queen  
  51  4:38  Drone  
  51  4:39  Drone x4  
  51  4:42  Zergling x2  
  51  4:45  Zergling x4  
  58  4:49  Drone x2  
  58  4:51  Extractor x2  
  58  4:53  Drone  
  58  4:56  Drone x2  
  61  5:04  Drone x2  
  61  5:05  Drone  
  66  5:11  Overlord  
  66  5:17  Overlord  
  66  5:19  Spore Crawler  
  65  5:23  Overlord  
  62  5:29  Roach x3  
  62  5:31  Roach  
  62  5:35  Roach x3  
  72  5:39  Roach x2  
  76  5:44  Zergling x6  
  76  5:49  Zergling x8  
  83  5:54  Ravager x3  
  83  5:55  Overlord  
  86  6:01  Zergling x8  
  90  6:07  Overlord  
  90  6:09  Overlord  
  90  6:16  Overlord  
  90  6:18  Zergling x8  
  90  6:20  Ravager x3  
  97  6:28  Ravager  
  97  6:32  Zergling x10  
  100  6:34  Ravager  
  87  6:41  Zergling x2  
  87  6:42  Zergling x12  
  87  6:45  Zergling x4  
  85  6:49  Lair  
  81  7:01  Drone x4  
  79  7:09  Drone x2  
  79  7:10  Drone x5  
  79  7:13  Drone  
  79  7:14  Drone  
  85  7:18  Evolution Chamber  
  82  7:24  Drone x5  
  82  7:29  Drone x3  
  88  7:31  Extractor  
  88  7:33  Drone x2  
  88  7:35  Drone x3  
  88  7:36  Drone  
  92  7:39  Extractor  
  92  7:40  Extractor  
  92  7:44  Roach x4  
  92  7:48  Evolution Chamber  
  97  7:51  Glial Reconstitution  
  97  7:57  Roach x3  
  100  8:04  Drone x3  
  104  8:05  Roach  
  104  8:06  Roach x2  
  108  8:13  Roach x3  
  97  8:29  Roach x3  
  100  8:35  Overlord  
  100  8:37  Overlord  
  100  8:42  Overlord  
  100  8:49  Overlord x2  
  100  8:51  Roach x2  
Tags
 
Add a new tag
Caveats
  • Supply blocks, unpowered buildings, or Contaminate may cause inaccurate times.
  • Supply counts are checked every 10 seconds.